 Dungeon Crawl Stone Soup version 0.28-a0-194-g42b4daccc1 (webtiles) character file.

Game seed: 5194866556835767408

207 pokeman the Magician (level 5, -5/29 HPs)
             Began as a Deep Elf Hedge Wizard on Aug 18, 2021.
             Killed from afar by an orc wizard (9 damage)
             ... with a puff of flame
             ... on level 3 of the Dungeon.
             The game lasted 00:07:22 (3167 turns).

pokeman the Magician (Deep Elf Hedge Wizard)        Turns: 3167, Time: 00:07:23

Health: -5/29      AC:  2    Str:  7    XL:     5   Next: 54%
Magic:  5/15       EV: 12    Int: 20    God:
Gold:   122        SH:  0    Dex: 14    Spells: 5/16 levels left

rFire   . . .      SeeInvis .   l - +1 spear (venom)
rCold   + . .      Faith    .   (no shield)
rNeg    . . .      Spirit   .   b - +0 robe
rPois   .          Reflect  .   c - +0 hat
rElec   .          Harm     .   (no cloak)
rCorr   .          Rampage  .   (no gloves)
Will    .....                   (no boots)
Stlth   ++........              (no amulet)
HPRegen 0.09/turn               h - ring of protection from cold
MPRegen 0.14/turn               (no ring)

@: no status effects
A: no striking features
a: no special abilities


You were on level 3 of the Dungeon.
You visited 1 branch of the dungeon, and saw 3 of its levels.

You collected 122 gold pieces.

Inventory:

Hand Weapons
 l - a +1 spear of venom (weapon)
Missiles
 d - 36 arrows
 i - 11 bolts
Armour
 b - a +0 robe (worn)
 c - a +0 hat (worn)
Jewellery
 e - an amulet of faith
 h - a ring of protection from cold (left hand)
Scrolls
 a - a scroll of blinking {unknown}
 f - a scroll of teleportation {unknown}
 g - a scroll of immolation {unknown}
 j - a scroll of identify {unknown}
 n - a scroll of silence {unknown}
Potions
 k - a potion of magic {unknown}
 m - a potion of degeneration {unknown}
 o - a potion of berserk rage {unknown}


   Skills:
 - Level 1.4 Fighting
 - Level 1.4 Armour
 - Level 2.4 Dodging
 - Level 2.4 Stealth
 * Level 6.4 Spellcasting
 + Level 2.6 Conjurations
 - Level 1.1 Summonings
 - Level 1.1 Translocations
 + Level 1.0 Fire Magic
 + Level 0.8 Air Magic


You had 5 spell levels left.
You knew the following spells:

 Your Spells              Type           Power      Damage    Failure   Level
a - Magic Dart            Conj           68%        1d6       3%          1
b - Mephitic Cloud        Conj/Pois/Air  11%        N/A       19%         3
c - Call Imp              Summ           10%        N/A       10%         2
d - Blink                 Tloc           N/A        N/A       10%         2
e - Conjure Flame         Conj/Fire      13%        6-21      14%         3

Your spell library contained the following spells:

 Spells                   Type           Power      Damage    Failure   Level
 Slow                     Hex            6%         N/A       16%         2
 Call Canine Familiar     Summ           10%        N/A       19%         3
 Portal Projectile        Hex/Tloc       16%        N/A       24%         3
 Leda's Liquefaction      Hex/Erth       3%         N/A       69%         4


Dungeon Overview and Level Annotations

Branches:
Dungeon (3/15)

Altars:
Fedhas

Shops:
D:3 *


Message History

The scorpion stings you.
You are poisoned.
The scorpion poisons you!
A frilled lizard comes into view.
Unknown command.
You feel very sick.
You kill the scorpion!
Your Fire Magic skill increases to level 1!
You feel sick.
Your magical contamination has completely faded away.
Casting: Mephitic Cloud (quite dangerous; 19% risk of failure)
Confirm with . or Enter, or press ? or * to list all spells.
The spell is quite dangerous to cast (19% risk of failure)!
Continue anyway?
Aiming: Mephitic Cloud (quite dangerous; 19% risk of failure)
Press: ? - help, Shift-Dir - straight line, f - orc wizard
Aim: an orc wizard, wielding a +0 dagger and wearing a +0 robe (heavily wounded, chance to affect: 86%)
The ball explodes into a vile cloud!
The stinking cloud engulfs something but does no damage.
The stinking cloud engulfs the orc wizard but does no damage.
The orc wizard is heavily wounded.
You feel sick.
You hear an angry hiss.
You hear a shout!
Unknown command.
Unknown command.
Unknown command.
Really walk into that cloud of noxious fumes?
Okay, then.
You barely miss something.
You feel sick.
You closely miss something.
You feel sick. Something hits you.
* * * LOW HITPOINT WARNING * * *
You feel sick. Something hits you.
* * * LOW HITPOINT WARNING * * *
You feel sick. The orc wizard casts a spell at you.
You resist with some effort.
You feel sick.
You are no longer poisoned.
The orc wizard casts a spell at you. The puff of flame hits you!
You die...

.#.#.....##)##.....# #...#
.#.#...............####.####
##.#.....#####...).#.......#
##.##... ##...##.......#
##.###. ##.##..<.)...#
#..#.# #.#.........# #.[#.#
# #.#.........# #.#..# #l
#.#.........# ....## #.
##@##........# ..###. #o
##...##.......# .(.#
...(##)##.....#..>....# ...#
.......o...)..######### ...#
....#####.....# ...##.
##...## ....## ##### .....#
.....#


You could see an orc wizard.

Vanquished Creatures
  A scorpion (D:3)
  4 gnolls (D:2)
  3 adders
  A worm (D:2)
  A dart slug (D:3)
  3 orcs (D:3)
  3 endoplasms
  2 giant cockroaches
  7 goblins
  9 hobgoblins
  11 jackals (D:1)
  4 quokkas
  9 ball pythons
  3 bats
  3 frilled lizards
  4 kobolds
  5 rats
73 creatures vanquished.

Notes
Turn   | Place    | Note
-------+----------+-------------------------------------------
     0 | D:1      | pokeman the Deep Elf Hedge Wizard began the quest for the
                  | Orb.
     0 | D:1      | Reached XP level 1. HP: 10/10 MP: 7/7
   316 | D:1      | Reached XP level 2. HP: 11/16 MP: 4/9
   757 | D:1      | Reached skill level 5 in Spellcasting
   899 | D:1      | Reached XP level 3. HP: 15/20 MP: 0/11
   993 | D:1      | Learned a level 3 spell: Mephitic Cloud
   996 | D:1      | Learned a level 2 spell: Call Imp
   999 | D:1      | Learned a level 2 spell: Blink
  1003 | D:1      | Learned a level 3 spell: Conjure Flame
  1006 | D:1      | Found a faded altar of an unknown god.
  1302 | D:1      | Reached skill level 1 in Fighting
  1590 | D:2      | Reached skill level 1 in Armour
  1806 | D:2      | Reached XP level 4. HP: 25/25 MP: 4/13
  2078 | D:2      | Found a blossoming altar of Fedhas.
  2830 | D:3      | Found Peattaock's Assorted Antiques.
  2888 | D:3      | Reached skill level 6 in Spellcasting
  2947 | D:3      | Reached XP level 5. HP: 25/29 MP: 8/15
  3161 | D:3      | Reached skill level 1 in Fire Magic
  3167 | D:3      | Killed from afar by an orc wizard

Illustrated notes

Levels and vault maps discovered:
D:1:      dpeg_arrival_solitude, layout_basic,
          shapermc_ecumenical_altar_mp_vishouse
D:2:      layout_loops_cross, basic_altar
D:3:      minmay_octagon_keep, layout_rooms, serial_shops, shop

Skill      XL: |  1  2  3  4  5 |
---------------+----------------+-----
Spellcasting   | 5 6 |  6.4
Fighting       | 1 |  1.4
Armour         | 1 |  1.4
Conjurations   | 2 |  2.6
Fire Magic     | 1 |  1.0
Dodging        | |  2.4
Stealth        | |  2.4
Summonings     | |  1.1
Translocations | |  1.1
Air Magic      | |  0.8

Action                   |  1- 3 |  4- 6 || total
-------------------------+-------+-------++-------
Melee: Dagger            |    10 |     1 ||    11
       Spear             |       |    19 ||    19
 Cast: Magic Dart        |   116 |    53 ||   169
       Mephitic Cloud    |     1 |     4 ||     5
       Conjure Flame     |     1 |     1 ||     2
 Stab: Confused          |     1 |     1 ||     2
       Sleeping          |       |     1 ||     1
Armor: Robe              |     5 |     3 ||     8
Dodge: Dodged            |    27 |    10 ||    37

Table legend: (Time is in decaauts)
 A = Elapsed time spent in this place.
 B = Non-inter-level travel time spent in this place.
 C = Inter-level travel time spent in this place.
 D = Time resting spent in this place.
 E = Time spent auto-exploring this place.
 F = Levels seen in this place.
 G = Mean time per level.
                   A        B        C        D        E       F      G
               +--------+--------+--------+--------+--------+-----+--------+
         Total |   3168 |   3105 |     63 |    184 |   2493 |   3 | 1056.0 |
       Dungeon |   3168 |   3105 |     63 |    184 |   2493 |   3 | 1056.0 |
               +--------+--------+--------+--------+--------+-----+--------+

Top non-repeatable levels by time:
     D:1: 1533 daAuts
     D:2: 1085 daAuts
     D:3: 550 daAuts
